 Dungeon Crawl Stone Soup version 0.21-a0-641-geef9d7f (webtiles) character file.

228 shenanigans the Skirmisher (level 6, 0/48 HPs)
             Began as a Barachi Skald on Dec 30, 2017.
             Was an Initiate of Okawaru.
             Succumbed to a worker ant's poison
             ... on level 4 of the Dungeon on Dec 31, 2017.
             The game lasted 00:08:00 (3513 turns).

shenanigans the Skirmisher (Barachi Skald)          Turns: 3513, Time: 00:08:01

Health: 0/48       AC:  6    Str: 17    XL:     6   Next: 2%
Magic:  9/9        EV: 12    Int: 16    God:    Okawaru [......]
Gold:   152        SH: 12    Dex: 16    Spells: 8/9 levels left

rFire    . . .     SeeInvis .   o - +2 whip (flame)
rCold    . . .     Gourm    .   g - +0 large shield
rNeg     . . .     Faith    .   h - +0 scale mail
rPois    .         Spirit   .   (no helmet)
rElec    .         Reflect  .   (no cloak)
rCorr    .         Harm     .   (no gloves)
MR       .....     Rnd*Tele +   (no boots)
Stlth    +.........             (no amulet)
HPRegen  0.16/turn              i - ring of teleportation (curse)
MPRegen  0.11/turn              (no ring)

@: mighty, agile, lethally poisoned (0 -> -7), about to teleport, berserk
cooldown, very slightly contaminated, slowed, very slow
A: +LOS, swims, slowness 1, strong legs 1
a: Hop, Renounce Religion


You were on level 4 of the Dungeon.
You worshipped Okawaru.
Okawaru was noncommittal.
You were not hungry.

You visited 1 branch of the dungeon, and saw 4 of its levels.

You collected 152 gold pieces.

Inventory:

Hand Weapons
 a - a +0 hand axe
 o - a +2 whip of flaming (weapon)
 r - a +0 flail of crushing
Missiles
 j - 32 stones (quivered)
 k - 8 tomahawks
Armour
 b - a +0 leather armour
 g - a +0 large shield (worn)
 h - a +0 scale mail (worn)
Jewellery
 i - a cursed ring of teleportation (left hand)
Wands
 l - a wand of enslavement (15)
 n - a wand of random effects (24)
 q - a wand of flame (47)
 v - a wand of paralysis (21)
Scrolls
 e - 8 scrolls of identify
 f - a scroll of teleportation
 m - 2 scrolls of amnesia {unknown}
Books
 c - a book of Battle

   Spells                             Type                      Level
   a - Infusion                       Charms                       1
   b - Shroud of Golubria             Charms/Translocation         2
   c - Song of Slaying                Charms                       2
   d - Spectral Weapon                Hexes/Charms                 3
   e - Regeneration                   Charms/Necromancy            3
Comestibles
 d - 5 rations


   Skills:
 + Level 4.0 Fighting
 + Level 3.6 Axes
 + Level 3.3 Armour
 + Level 3.6 Dodging
 * Level 0.8 Shields
 - Level 2.1 Spellcasting
 - Level 3.2 Charms
 + Level 1.0 Invocations


You had 8 spell levels left.
You knew the following spells:

 Your Spells              Type           Power        Failure   Level  Hunger
a - Infusion              Chrm           ##..         99%         1    #......


Dungeon Overview and Level Annotations

Branches:
Dungeon (4/15)
 Temple: D:4-7

Altars:
Nemelex Xobeh
Okawaru


Innate Abilities, Weirdness & Mutations

Shadows flee at your approach. (+LOS)
You can swim through water.
You cover ground slowly.
You can hop short distances.


Message History

You feel yourself slow down.
* * * LOW HITPOINT WARNING * * *
You feel sick.
It was a potion of might.
You feel very mighty all of a sudden.
* * * LOW HITPOINT WARNING * * *
You feel sick.
As you read the scroll labeled XONUFUI DOIBA, it crumbles to dust.
You feel aware of your surroundings.
You sensed 3 altars.
It was a scroll of magic mapping.
* * * LOW HITPOINT WARNING * * *
You feel sick.
As you read the scroll labeled LUAGIDOSAR, it crumbles to dust.
It is a scroll of identify.
r - a +0 flail of crushing
* * * LOW HITPOINT WARNING * * *
You feel sick.
As you read the scroll labeled OHYCKAY WELA, it crumbles to dust.
You feel strangely unstable.
It was a scroll of teleportation.
You die...

**,...##...#...# *,,,,,,,,* #..
**,##..........####.,,,,,,,***#..
,,,.........#........,,,,,,,,_##.
,,,............####..,,,,,,****#.
,,≈≈...........# *,,,,,,,,* ##
,≈≈≈≈≈.........####****##*** #
***≈§§............#,,...#
≈≈≈#≈≈............#....#*
,_≈#............@†....#*
⌠>≈#...##......###...##
≈≈≈+...*###...(# *#..# ≈*≈§..,*
###### *..#* ≈≈≈≈.,,** **...#
≈≈≈,,,,,*** *,,..#* ,,,,,,,,,,***
*,,...********** ,,,**,,,,,,,**
**,,,,.#,,,,,,,,, ,,,,,,,,,,,,,*
*,,,,,,,,,,,,,,,,


There were no monsters in sight!

Vanquished Creatures
  2 orc wizards (D:3)
  Ijyb (D:3)
  A worker ant (D:4)
  5 adders
  An ooze (D:2)
  2 dart slugs
  3 leopard geckos
  6 orcs (D:3)
  3 giant cockroaches
  5 goblins
  9 hobgoblins
  A jackal (D:4)
  11 kobolds
  5 bats
  4 frilled lizards
  9 rats
68 creatures vanquished.

Notes
Turn   | Place    | Note
-------+----------+-------------------------------------------
     0 | D:1      | shenanigans the Barachi Skald began the quest for the Orb.
     0 | D:1      | Reached XP level 1. HP: 17/17 MP: 3/3
   146 | D:1      | Reached XP level 2. HP: 15/23 MP: 0/5
   881 | D:2      | Reached skill level 3 in Fighting
   881 | D:2      | Reached XP level 3. HP: 22/29 MP: 0/6
  1281 | D:2      | Found a sparkling altar of Nemelex Xobeh.
  1889 | D:3      | Noticed Ijyb
  1926 | D:3      | Killed Ijyb
  1926 | D:3      | Reached XP level 4. HP: 29/35 MP: 3/7
  2044 | D:3      | Found an iron altar of Okawaru.
  2082 | D:3      | Became a worshipper of Warmaster Okawaru
  2437 | D:3      | Reached XP level 5. HP: 31/42 MP: 8/8
  2659 | D:4      | Noticed an ogre
  3195 | D:3      | Reached skill level 4 in Fighting
  3195 | D:3      | Reached skill level 1 in Invocations
  3505 | D:4      | Reached XP level 6. HP: 10/48 MP: 9/9
  3511 | D:4      | HP: 2/48 [poisoned by a worker ant]
  3513 | D:4      | Succumbed to a worker ant's poison

Vault maps used:
D:1:      dpeg_arrival_tiny_g
D:2:      nemelex_xobeh_ov_fountains_minmay, serial_bayou_lagoon_b
D:3:      okawaru_metal_pillars_1_2, uniq_ijyb
D:4:      nicolae_overflow_hidden_temple, nicolae_qazlal_general_emergency,
          lemuel_zombie_altar_yredelemnul, minivault_19

Skill      XL: |  1  2  3  4  5 |
---------------+----------------+-----
Fighting       | 3 4 |  4.0
Armour         | 2 3 |  3.3
Axes           | 3 |  3.6
Dodging        | 3 |  3.6
Invocations    | 1 |  1.0
Shields        | |  0.8
Spellcasting   | |  2.1
Charms         | |  3.2

Action                   |  1- 3 |  4- 6 || total
-------------------------+-------+-------++-------
Melee: Hand axe          |   160 |    62 ||   222
       Whip              |       |    75 ||    75
 Cast: Infusion          |     5 |     3 ||     8
 Abil: Hop               |       |     1 ||     1
  Use: Potion            |       |     4 ||     4
       Scroll            |       |     3 ||     3
  Eat: Chunk             |     3 |     4 ||     7
       Ration            |       |     1 ||     1
Armor: Leather armour    |     4 |       ||     4
       Scale mail        |    64 |    62 ||   126
       Skin              |       |    13 ||    13
Dodge: Dodged            |    90 |    45 ||   135
Block: Large shield      |       |    15 ||    15

Table legend:
 A = Spawn XP
 B = Non-spawn XP
 C = Spawn XP percentage of total XP
 D = Spawn monster count
 E = Non-spawn monster count
 F = Spawn count percentage of total count
 G = Total turns spent on level
                    A         B        C        D         E        F      G
               +---------+---------+-------+---------+---------+-------+---------
         Total |       0 |     326 |   0.0 |       0 |      68 |   0.0 |  3513
               +---------+---------+-------+---------+---------+-------+---------
           D:1 |       0 |      23 |   0.0 |       0 |      13 |   0.0 |   806
           D:2 |       0 |      68 |   0.0 |       0 |      25 |   0.0 |  1217
           D:3 |       0 |     199 |   0.0 |       0 |      28 |   0.0 |  1364
           D:4 |       0 |      36 |   0.0 |       0 |       2 |   0.0 |   126
               +---------+---------+-------+---------+---------+-------+---------
